 Dungeon Crawl Stone Soup version 0.15-a0-834-gd31242b (webtiles) character file.

1337 4tharraofdagon the Cutter (level 8, 0/42 HPs)
             Began as a Vine Stalker Gladiator on May 15, 2014.
             Was a Follower of Cheibriados.
             Hit by a dart thrown by a crimson imp (1 damage)
             ... on Level 5 of the Dungeon.
             The game lasted 00:08:20 (1240 turns).

4tharraofdagon the Cutter (Vine Stalker Gladiator)  Turns: 1240, Time: 00:08:21

HP   0/42        AC  5     Str 20      XL: 8   Next: 61%
MP   0/17        EV 14     Int 10      God: Cheibriados [*.....]
Gold 86          SH  0     Dex 19      Spells:  1 memorised,  9 levels left

rFire  . . .     SeeInvis .     a - +0 cutlass
rCold  + . .     Clarity  .     b - +0 leather armour
rNeg   . . .     Conserve .     (no shield)
rPois  .         rCorr    .     h - +2 hat
rElec  .         rRot     +     (no cloak)
SustAb . .       Spirit   +     (no gloves)
rMut   +         Warding  .     (no boots)
Gourm  .         Stasis   .     k - amulet of resist mutation
MR     +....                    (no ring)
                                w - ring of protection from cold

@: very slow, somewhat resistant to hostile enchantments, fairly stealthy
A: fangs 3, regeneration 2, magic shield, antimagic bite, no device heal 2
a: Bend Time, Renounce Religion


You were on level 5 of the Dungeon.
You worshipped Cheibriados.
Cheibriados was aware of your devotion.
You were hungry.

You visited 1 branch of the dungeon, and saw 5 of its levels.

You collected 86 gold pieces.

Inventory:

Hand weapons
 a - a +0,+0 cutlass (weapon)
Missiles
 i - 13 darts (quivered)
 m - 8 tomahawks
 r - 4 tomahawks of returning
Armour
 b - a +0 leather armour (worn)
 c - a +0 helmet
 e - a +0 ring mail
 h - a +2 hat (worn)
Comestibles
 f - 2 bread rations
 l - a meat ration
 o - 2 apples
Scrolls
 q - a scroll of amnesia {unknown}
 s - a scroll of remove curse {unknown}
 t - a scroll of identify {unknown}
 u - a scroll of teleportation {unknown}
 v - a scroll of fog {unknown}
Jewellery
 g - an uncursed ring of ice
 k - an amulet of resist mutation (around neck)
 w - a ring of protection from cold (left hand)
Potions
 j - a potion of heal wounds {unknown}
 x - 2 potions of paralysis {unknown}
Books
 n - a Necronomicon {highlevel, unknown}

   This book is beyond your current level of understanding.

   Spells                             Type                      Level
   Haunt                              Necromancy/Summoning         7
   Borgnjor's Revivification          Necromancy                   8
   Death's Door                       Charms/Necromancy            8
   Necromutation                      Transmutation/Necromancy     8
 p - a Young Poisoner's Handbook

   Spells                             Type                      Level
   Sting                              Conjuration/Poison           1
   *Cure Poison                       Poison                       2
   Mephitic Cloud                     Conjuration/Poison/Air       3
   Olgreb's Toxic Radiance            Poison                       4
   Venom Bolt                         Conjuration/Poison           5


   Skills:
 + Level 4.2 Fighting
 * Level 6.3 Short Blades
 - Level 1.7 Throwing
 + Level 4.4 Dodging
 + Level 5.3 Stealth
 + Level 2.4 Spellcasting


You had 9 spell levels left.
You knew the following spells:

 Your Spells              Type           Power        Failure   Level  Hunger
a - Cure Poison           Pois           #.........   47%         2    ###....


Dungeon Overview and Level Annotations

Branches:
Dungeon (5/15)
 Temple: D:4-7

Altars:
Cheibriados
Elyvilon


Innate Abilities, Weirdness & Mutations

You are immune to rotting.
You have razor-sharp teeth.
You heal very quickly.
When hurt, damage is shared between your health and your magic reserves.
Your bite disrupts and absorbs the magic of your enemies.
Potions and wands cannot restore your health.


Message History

Unknown command.
Unknown command.
Unknown command.
Unknown command.
Unknown command.
You hit Duvessa. You bite Duvessa. You drain her power.
You feel invigorated.
Duvessa is almost dead.
Duvessa hits you with a short sword!
* * * LOW HITPOINT WARNING * * *
Duvessa hits you with a short sword.
Unknown command.
Unknown command.
Unknown command.
Unknown command.
You barely miss Duvessa. You bite Duvessa. You drain her power.
You feel invigorated.
You kill Duvessa!
Cheibriados thoroughly appreciates the change of pace.
The crimson imp throws a dart.
The dart hits you.
You die...

#...# #...# #...# #...#
###########################...#
.........).(.....<)......=.....
................)............
..(...................5.....$
...............(@............
............p.(.)...........
###########################.


You could see a crimson imp and a neutral freed slave (wandering).

Vanquished Creatures
  Pikel (D:4)
  Eustachio (D:4)
  A phantom (D:4)
  A slave (D:4)
  2 ogres (D:4)
  Duvessa (D:5)
  A scorpion (D:4)
  The ghost of 4tharraofdagon the Scratcher, a weakling FeTm (D:3)
  Dowan (D:5)
  An orc priest (D:4)
  A hound (D:4)
  3 iguanas (D:4)
  An orc wizard (D:4)
  A worker ant (D:4)
  5 adders
  3 worms
  6 orcs
  6 bats
  2 giant cockroaches
  8 hobgoblins
  3 jackals (D:4)
  2 quokkas
  4 giant newts
  3 goblins
  3 kobolds
  An orc skeleton (D:4)
63 creatures vanquished.

Vanquished Creatures (others)
  A goblin (D:4)
1 creature vanquished.

Grand Total: 64 creatures vanquished

Notes
Turn   | Place    | Note
--------------------------------------------------------------
     0 | D:1      | 4tharraofdagon, the Vine Stalker Gladiator, began the quest for the Orb.
     0 | D:1      | Reached XP level 1. HP: 11/11 MP: 1/1
    36 | D:1      | Reached skill level 1 in Stealth
   139 | D:1      | Reached XP level 2. HP: 15/15 MP: 3/3
   187 | D:2      | Reached skill level 3 in Short Blades
   202 | D:2      | Reached XP level 3. HP: 18/18 MP: 4/4
   220 | D:3      | Noticed 4tharraofdagon's ghost (weakling FeTm)
   262 | D:3      | Killed 4tharraofdagon's ghost
   262 | D:3      | Reached XP level 4. HP: 16/23 MP: 5/5
   375 | D:3      | HP: 1/23 [orc priest/divine providence (7)]
   397 | D:4      | Reached XP level 5. HP: 3/27 MP: 7/7
   419 | D:4      | Reached skill level 4 in Short Blades
   475 | D:4      | Noticed a phantom
   566 | D:4      | Killed a phantom
   566 | D:4      | Gained mutation: You heal very quickly. [vine stalker growth]
   566 | D:4      | Reached XP level 6. HP: 3/32 MP: 3/8
   710 | D:4      | Found a white marble altar of Elyvilon.
   728 | D:4      | Learned a level 2 spell: Cure Poison
   812 | D:4      | Noticed an ogre
   821 | D:4      | Killed an ogre
   863 | D:5      | Entered Level 5 of the Dungeon
   863 | D:5      | Noticed Duvessa
   865 | D:5      | Noticed Dowan
   872 | D:4      | HP: 1/32 [orc/dagger (3)]
   913 | D:4      | Found a snail-covered altar of Cheibriados.
   924 | D:4      | Became a worshipper of Cheibriados the Contemplative
   937 | D:4      | Reached XP level 7. HP: 36/36 MP: 9/9
   986 | D:4      | Reached skill level 5 in Short Blades
  1041 | D:4      | Noticed an ogre
  1044 | D:4      | Killed an ogre
  1048 | D:5      | Noticed Eustachio
  1087 | D:4      | Killed Eustachio
  1087 | D:4      | Reached skill level 1 in Spellcasting
  1118 | D:5      | Noticed Pikel
  1153 | D:4      | Killed Pikel
  1153 | D:4      | Reached skill level 6 in Short Blades
  1153 | D:4      | Reached skill level 5 in Stealth
  1153 | D:4      | Gained mutation: You have razor-sharp teeth. [vine stalker growth]
  1153 | D:4      | Reached XP level 8. HP: 23/42 MP: 13/17
  1169 | D:5      | Killed Dowan
  1239 | D:5      | HP: 1/42 [Duvessa/short sword (3)]
  1240 | D:5      | Killed Duvessa
  1240 | D:5      | Hit by a dart thrown by a crimson imp

Action                   |  1- 3 |  4- 6 |  7- 9 || total
-------------------------+-------+-------+-------++-------
Melee: Cutlass           |    44 |   112 |   104 ||   260
Throw: Throwing net      |     5 |     7 |     5 ||    17
  Use: Potion            |       |     1 |       ||     1
 Stab: Held in net/web   |     2 |     4 |     4 ||    10
       Sleeping          |       |     3 |     2 ||     5

Vault maps used:
D:1:      lightli_arrival_farm
D:2:      nicolae_overflow_quartered_altars, old_standard_altar
D:4:      forest_paths, cheibriados_altar_1, elyvilon_altar_4, first_bread,
          minivault_5
D:5:      makhleb_grotto_becter, uniq_pikel, uniq_duvessa, uniq_eustachio
